 Dungeon Crawl Stone Soup version 0.25.0-26-g0c896c7088 (webtiles) character file.

Game seed: 11481388208633690918

3928 EriolAelfwine the Cleaver (level 10, -1/91 HPs)
             Began as a Deep Dwarf Fighter on July 5, 2020.
             Was a Believer of Makhleb.
             Killed by divine providence
             ... invoked by an orc priest
              (9 damage)
             ... on level 8 of the Dungeon.
             The game lasted 00:19:46 (5965 turns).

EriolAelfwine the Cleaver (Deep Dwarf Fighter)      Turns: 5965, Time: 00:19:47

Health: -1/91      AC: 10    Str: 24    XL:     10   Next: 1%
Magic:  9/9        EV:  9    Int: 12    God:    Makhleb [**....]
Gold:   337        SH: 12    Dex: 12    Spells: 9/9 levels left

rFire    . . .     SeeInvis .   a - +1 war axe
rCold    . . .     Gourm    .   c - +1 kite shield
rNeg     + . .     Faith    .   q - +3 ring mail of Ysaih {rPois rN+ Int+4}
rPois    +         Spirit   .   (no helmet)
rElec    .         Reflect  .   (no cloak)
rCorr    .         Harm     .   m - +0 pair of gloves
MR       +....                  (no boots)
Stlth    +.........             (no amulet)
HPRegen  0.00/turn              l - ring of poison resistance
MPRegen  0.11/turn              n - ring of flight

@: non-regenerating, lightly drained
A: damage resistance, heal wounds, sense surroundings 2, no regeneration
a: Heal Wounds, Minor Destruction, Renounce Religion, Evoke Flight


You were on level 8 of the Dungeon.
You worshipped Makhleb.
Makhleb was pleased with you.
You were not hungry.

You visited 2 branches of the dungeon, and saw 9 of its levels.
You also visited: Ossuary.

You collected 337 gold pieces.

Inventory:

Hand Weapons
 a - a +1 war axe (weapon)
 i - a +2 vorpal flail
Missiles
 b - 6 poisoned darts (quivered)
Armour
 c - a +1 kite shield (worn)
 m - a +0 pair of gloves (worn)
 q - the +3 ring mail of Ysaih (worn) {rPois rN+ Int+4}
   (You found it on level 6 of the Dungeon)

   It affects your intelligence (+4).
   It protects you from poison.
   It protects you from negative energy.
Jewellery
 l - a ring of poison resistance (left hand)
 n - a ring of flight (right hand)
Wands
 z - a wand of polymorph (7)
 A - a wand of flame (9)
Scrolls
 e - 12 scrolls of teleportation
 g - 2 scrolls of blinking
 r - 2 scrolls of enchant weapon
 s - 6 scrolls of remove curse
 v - a scroll of amnesia
 y - a scroll of identify
 B - a scroll of enchant armour
Potions
 d - 2 potions of might
 h - 3 potions of lignification {unknown}
 j - 4 potions of haste {unknown}
 k - 3 potions of curing {unknown}
 o - a potion of magic {unknown}
 p - 2 potions of stabbing {unknown}
 t - a potion of invisibility {unknown}
 w - a potion of resistance {unknown}
 x - 2 potions of flight {unknown}
 C - a potion of brilliance {unknown}
Comestibles
 f - 13 rations
 u - 5 chunks of flesh


   Skills:
 + Level 6.1(6.0) Fighting
 * Level 9.8(9.6) Axes
 + Level 7.4(7.2) Armour
 + Level 7.4(7.3) Shields
 + Level 6.0(5.9) Invocations


You had 9 spell levels left.
You didn't know any spells.
Your spell library contained the following spells:

 Spells                   Type           Power        Failure   Level  Hunger
 Freeze                   Ice            #...         78%         1    ##.....
 Frozen Ramparts          Ice            #.....       98%         3    ####...
 Ozocubu's Armour         Chrm/Ice       #.......     98%         3    ####...
 Hailstorm                Conj/Ice       #.......     100%        4    #####..
 Summon Ice Beast         Ice/Summ       #.......     100%        4    #####..


Dungeon Overview and Level Annotations

Branches:
Dungeon (8/15)             Temple (1/1) D:5         Ossuary (visited)
   Lair: D:8-11

Altars:
Ashenzari
Cheibriados
Dithmenos
Elyvilon
Fedhas
Gozag
Hepliaklqana
Kikubaaqudgha
Makhleb
Nemelex Xobeh
Okawaru
Qazlal
Ru
Sif Muna
Trog
Wu Jian
Xom
Yredelemnul
Zin
The Shining One

Annotations:
D:8 Gastronok


Innate Abilities, Weirdness & Mutations

You are resistant to damage.
You can heal yourself by infusing magical energy.
You passively map the area around you.
You do not regenerate.


Message History

Gastronok sloshes about.
The orc wizard hits you but does no damage.
You partially resist.
You feel drained.
The orc priest calls upon Beogh to heal the orc wizard.
The orc wizard is healed somewhat.
The orc priest invokes the aid of Beogh against you.
Beogh smites you!
* * * LOW HITPOINT WARNING * * *
The orc wizard mumbles some strange words.
The orc wizard blinks!
The orc wizard gestures at you while chanting.
The magic dart hits you.
* * * LOW HITPOINT WARNING * * *
The orc wizard points at you and mumbles some strange words.
The magic dart hits you.
* * * LOW HITPOINT WARNING * * *
The orc priest miscasts a cantrip.
The orc priest calls down the wrath of Beogh upon you.
Beogh smites you!
You die...

, * *#.# , ** *
*#.# , * ## ##.#
## , ,*#..
##.###.# , ,.#..#
##..#...# .....
##......# ,
.....####..#..).#
* **
..........##...##
*
**#......@###<.##
* ##......# #..#
#......###.##
#.......####
##..ow..#
##.....##
#...)o.# ##>....#
#....o##


You could see Gastronok, an orc priest and an orc wizard (fast).

Vanquished Creatures
  Pikel (D:7)
  Psyche (D:8)
  Prince Ribbit (D:6)
  A hippogriff (D:7)
  A wraith (Ossuary)
  Eustachio (D:5)
  Edmund (D:5)
  2 orc warriors
  A phantom (D:4)
  4 ice beasts
  2 ogres
  A centaur (D:7)
  A crocodile (D:7)
  3 bullfrogs
  A wyvern skeleton (D:7)
  6 killer bees
  2 scorpions
  2 howler monkeys
  2 crimson imps
  A bullfrog zombie (D:6)
  A jelly (D:6)
  A gnoll shaman (D:6)
  4 hounds
  4 orc wizards
  Jessica (D:3)
  2 iguanas
  3 worker ants
  A mummy (Ossuary)
  10 gnolls
  8 adders
  A shadow imp (D:7)
  4 oozes
  A worm (D:3)
  2 dart slugs
  2 leopard geckos
  17 orcs
  3 ball pythons
  3 bats
  5 giant cockroaches
  7 goblins
  3 hobgoblins
  6 jackals
  4 quokkas
  3 frilled lizards
  A giant cockroach zombie (D:6)
  6 gnoll skeletons (Ossuary)
  A jackal zombie (D:4)
  11 kobolds
  7 kobold skeletons (Ossuary)
  A kobold zombie (D:4)
  12 orc skeletons (Ossuary)
  A quokka skeleton (D:5)
  8 rats
179 creatures vanquished.

Vanquished Creatures (others)
  2 slaves (D:7)
  A shadow imp (D:7)
3 creatures vanquished.

Grand Total: 182 creatures vanquished

Notes
Turn   | Place    | Note
-------+----------+-------------------------------------------
     0 | D:1      | EriolAelfwine the Deep Dwarf Fighter began the quest for
                  | the Orb.
     0 | D:1      | Reached XP level 1. HP: 20/20 MP: 1/1
   170 | D:1      | Reached XP level 2. HP: 27/27 MP: 2/2
   416 | D:1      | Reached skill level 3 in Axes
   453 | D:1      | Reached XP level 3. HP: 30/33 MP: 3/3
   549 | D:2      | Found a faded altar of an unknown god.
   989 | D:2      | Reached XP level 4. HP: 30/42 MP: 4/4
  1219 | D:3      | Noticed Jessica
  1228 | D:3      | Killed Jessica
  1919 | D:4      | Got a pair of warped gloves
  1933 | D:4      | Reached skill level 4 in Axes
  1933 | D:4      | Reached XP level 5. HP: 41/49 MP: 5/5
  1954 | D:4      | Noticed a phantom
  2020 | D:4      | Killed a phantom
  2020 | D:4      | Reached skill level 5 in Axes
  2020 | D:4      | Reached XP level 6. HP: 39/57 MP: 5/5
  2141 | D:4      | Found an opulent altar of Gozag.
  2287 | D:4      | Found a sand-covered staircase.
  2327 | Ossuary  | Entered an ossuary
  2327 | Ossuary  | Noticed a wraith
  2327 | Ossuary  | Noticed a wraith
  2327 | Ossuary  | Noticed a wraith
  2386 | Ossuary  | Identified the -3 pair of gloves "Binifir" {Regen+ Int+5
                  | Dex-3 Stlth+} (You found it on level 4 of the Dungeon)
  2424 | Ossuary  | Noticed a wraith
  2520 | Ossuary  | Killed a wraith
  2520 | Ossuary  | Reached XP level 7. HP: 34/64 MP: 5/5
  2629 | D:4      | Reached skill level 5 in Shields
  2888 | D:5      | Entered Level 5 of the Dungeon
  2958 | D:5      | Noticed Eustachio
  3001 | D:5      | Killed Eustachio
  3001 | D:5      | Reached skill level 6 in Axes
  3001 | D:5      | Reached skill level 5 in Armour
  3093 | D:5      | Found a staircase to the Ecumenical Temple.
  3097 | Temple   | Entered the Ecumenical Temple
  3258 | Temple   | Became a worshipper of Makhleb the Destroyer
  3571 | D:5      | Noticed Edmund
  3592 | D:5      | Killed Edmund
  3592 | D:5      | Reached skill level 1 in Invocations
  3654 | D:5      | Reached XP level 8. HP: 45/73 MP: 7/7
  4022 | D:6      | Noticed Prince Ribbit
  4067 | D:6      | Reached skill level 7 in Axes
  4069 | D:6      | HP: 3/73 [Prince Ribbit (12)]
  4084 | D:6      | Killed Prince Ribbit
  4105 | D:6      | Got a steaming ring mail
  4116 | D:6      | Identified the +3 ring mail of Ysaih {rPois rN+ Int+4} (You
                  | found it on level 6 of the Dungeon)
  4312 | D:6      | Reached * piety under Makhleb
  4328 | D:6      | Found a sacrificial altar of Ru.
  4391 | D:6      | Reached skill level 5 in Fighting
  4502 | D:6      | Reached skill level 8 in Axes
  4823 | D:7      | Gained mutation: You passively map the area around you.
                  | [Deep Dwarf growth]
  4823 | D:7      | Reached XP level 9. HP: 80/81 MP: 8/8
  4971 | D:7      | Noticed Pikel
  5004 | D:7      | Killed Pikel
  5169 | D:7      | Reached ** piety under Makhleb
  5178 | D:6      | Reached skill level 5 in Invocations
  5241 | D:7      | Reached skill level 9 in Axes
  5479 | D:7      | Found a sacrificial altar of Ru.
  5784 | D:7      | Found a sparkling altar of Nemelex Xobeh.
  5901 | D:8      | Noticed Psyche
  5901 | D:8      | Noticed Gastronok
  5960 | D:8      | Killed Psyche
  5960 | D:8      | Reached XP level 10. HP: 29/91 MP: 9/9
  5965 | D:8      | Killed from afar by an orc priest

Illustrated notes

Levels and vault maps discovered:
D:1:      dpeg_arrival_short_road, layout_basic, kennysheep_decorative_pillar,
          minmay_heptomino_h4
D:2:      layout_rooms, chequers_ecumenical_altar_simple
D:3:      layout_loops_ring, uniq_jessica
D:4:      wander_river, layout_loops_ring, kennysheep_little_box,
          enter_ossuary_3
D:5:      layout_basic, minmay_temple_entry_grid, first_ration, uniq_eustachio,
          uniq_edmund
D:6:      layout_loops_ring, nicolae_ru_the_path_less_chosen,
          uniq_prince_ribbit1
D:7:      layout_gridville, old_standard_altar, nemelex_dance_club_becter,
          uniq_pikel
D:8:      layout_cave_pods, lair_entry_dummy, serial_glass, glass_columns_c,
          glass_columns_a, uniq_joseph, uniq_psyche, uniq_gastronok
Temple:   dpeg_five_rooms_temple

Skill      XL: |  1  2  3  4  5  6  7  8  9 |
---------------+----------------------------+-----
Axes           | 3 4 5 6 8 9 |  9.8
Fighting       | 3 4 5 6 |  6.1
Shields        | 4 5 6 7 |  7.4
Armour         | 4 5 6 7 |  7.4
Invocations    | 1 4 6 |  6.0

Action                   |  1- 3 |  4- 6 |  7- 9 | 10-12 || total
-------------------------+-------+-------+-------+-------++-------
Melee: War axe           |   132 |   173 |   405 |       ||   710
 Abil: Heal Wounds       |       |     4 |    13 |       ||    17
Evoke: Wand              |       |       |     4 |       ||     4
  Use: Scroll            |       |     5 |     7 |       ||    12
  Eat: Chunk             |       |     6 |    12 |       ||    18
Armor: Scale mail        |    17 |       |       |       ||    17
       Chain mail        |    52 |   111 |    72 |       ||   235
       Ring mail         |       |       |   114 |     1 ||   115
Dodge: Dodged            |    16 |    44 |   135 |       ||   195
Block: Kite shield       |    83 |   114 |   276 |     1 ||   474
